| TOP OF THE 1ST |
|
Hagerstown Suns batting - Pitching for Fort Wayne TinCaps : RHP Mike Schoening
|
|
Pitching: RHP Mike Schoening
|
|
|
Batting: RHB Taffounnout Kame
|
0-0: Called Strike 0-1: Swinging Strike 0-2: Foul Ball, location: 2F 0-2: Foul Ball, location: 2F 0-2: Strikes out swinging
|
|
Batting: RHB Aaron Bateman
|
0-0: Ball 1-0: Ball 2-0: Called Strike 2-1: Ball 3-1: Base on Balls
|
|
Batting: RHB Pat Scaturro
|
0-0: SINGLE (Groundball, 56D, EV 105.0 MPH) Aaron Bateman to second
|
|
Batting: RHB Roger Simmons
|
0-0: Called Strike 0-1: Ball 1-1: DOUBLE (Groundball, 5L, EV 108.1 MPH) Aaron Bateman scores Pat Scaturro to third
|
|
Batting: RHB Rudolph Lentz
|
0-0: Called Strike 0-1: Ball 1-1: Ground out 3-1 (Groundball, 13, EV 85.0 MPH) Pat Scaturro scores Roger Simmons to third
|
|
Batting: SHB Fernando Fundora
|
0-0: Ball 1-0: Called Strike 1-1: Called Strike 1-2: Ball 2-2: Ball 3-2: Foul Ball, location: 2F 3-2: Foul Ball, location: 2F 3-2: Foul Ball, location: 2F 3-2: Base on Balls
|
|
Batting: RHB Vasag Semerjian
|
0-0: Ground out 4-3 (Groundball, 13, EV 87.5 MPH)
|
| Top of the 1st over - 2 runs, 2 hits, 0 errors, 2 left on base; Hagerstown 2 - Fort Wayne 0 |
| BOTTOM OF THE 1ST |
|
Fort Wayne TinCaps batting - Pitching for Hagerstown Suns : RHP Nolan Carew
|
|
Pitching: RHP Nolan Carew
|
|
|
Batting: RHB Cesar Ortega
|
0-0: Called Strike 0-1: Ground out 5-3 (Groundball, 56, EV 111.2 MPH)
|
|
Batting: RHB Devon Dill
|
0-0: Called Strike 0-1: Called Strike 0-2: Ball 1-2: SINGLE (Groundball, 6MD, EV 105.0 MPH)
|
|
Batting: RHB Jim Miske
|
0-0: Foul Ball, location: 2F 0-1: Called Strike 0-2: Ball 1-2: Foul Ball, location: 2F 1-2: Ball 2-2: Ball 3-2: Base on Balls Devon Dill to second
|
|
Batting: RHB Gary Horgan
|
0-0: Ball 1-0: Ball 2-0: Ball 3-0: Base on Balls Devon Dill to third Jim Miske to second
|
|
Batting: LHB Dean Luttman
|
0-0: DOUBLE (Line Drive, 89M, EV 96.2 MPH) Devon Dill scores Jim Miske scores Gary Horgan to third
|
|
Batting: RHB Steve Clark
|
0-0: Foul Ball, location: 2F 0-1: Ball 1-1: Ball 2-1: Ball 3-1: Base on Balls
|
|
Batting: LHB Tony Contreras
|
0-0: Ball 1-0: Fielders Choice at 2nd, 6-4 (Groundball, 6M, EV 80.6 MPH) Gary Horgan scores Dean Luttman to third
|
|
Batting: RHB Sung-hwan Jung
|
0-0: Ball 1-0: Swinging Strike 1-1: Swinging Strike 1-2: Ball 2-2: Ball 3-2: Base on Balls Tony Contreras to second
|
|
Batting: RHB Paul Wood
|
0-0: Ball 1-0: Ball 2-0: Ball 3-0: Called Strike 3-1: Swinging Strike 3-2: Base on Balls Dean Luttman scores Tony Contreras to third Sung-hwan Jung to second
|
|
Batting: RHB Cesar Ortega
|
0-0: Foul Ball, location: 2F 0-1: Ball 1-1: Ball 2-1: Swinging Strike 2-2: Ball 3-2: Foul Ball, location: 2F 3-2: Strikes out swinging
|
| Bottom of the 1st over - 4 runs, 2 hits, 0 errors, 3 left on base; Hagerstown 2 - Fort Wayne 4 |
| TOP OF THE 2ND |
|
Hagerstown Suns batting - Pitching for Fort Wayne TinCaps : RHP Mike Schoening
|
|
Batting: RHB Yok-sing Szema
|
0-0: Ball 1-0: Foul Ball, location: 2F 1-1: Called Strike 1-2: Ball 2-2: Foul Ball, location: 2F 2-2: Foul Ball, location: 2F 2-2: Foul Ball, location: 2F 2-2: Strikes out swinging
|
|
Batting: RHB Steve Kunselman
|
0-0: Bunt missed! 0-1: Ground out 5-3 (Groundball, 56S, EV 66.9 MPH)
|
|
Batting: RHB Taffounnout Kame
|
0-0: Ball 1-0: Ball 2-0: SINGLE (Groundball, 6D, EV 107.5 MPH)
|
|
Batting: RHB Aaron Bateman
|
0-0: Called Strike Taffounnout Kame steals 2nd base 0-1: Called Strike 0-2: Ball 1-2: Ground out 5-3 (Groundball, 5, EV 103.8 MPH)
|
| Top of the 2nd over - 0 runs, 1 hit, 0 errors, 1 left on base; Hagerstown 2 - Fort Wayne 4 |
| BOTTOM OF THE 2ND |
|
Fort Wayne TinCaps batting - Pitching for Hagerstown Suns : RHP Nolan Carew
|
|
Batting: RHB Devon Dill
|
0-0: Foul Ball, location: 2F 0-1: Called Strike 0-2: Strikes out swinging
|
|
Batting: RHB Jim Miske
|
0-0: Swinging Strike 0-1: Called Strike 0-2: Ball 1-2: Ball 2-2: Ball 3-2: Ground out 6-3 (Groundball, 6, EV 85.0 MPH)
|
|
Batting: RHB Gary Horgan
|
0-0: Called Strike 0-1: Ground out 5-3 (Groundball, 5, EV 84.4 MPH)
|
| Bottom of the 2nd over - 0 runs, 0 hits, 0 errors, 0 left on base; Hagerstown 2 - Fort Wayne 4 |
| TOP OF THE 3RD |
|
Hagerstown Suns batting - Pitching for Fort Wayne TinCaps : RHP Mike Schoening
|
|
Batting: RHB Pat Scaturro
|
0-0: Foul Ball, location: 2F 0-1: Ball 1-1: Ball 2-1: SINGLE (Line Drive, 8LS, EV 96.9 MPH)
|
|
Batting: RHB Roger Simmons
|
0-0: Ball 1-0: Ground out 4-3 (Groundball, 34, EV 82.5 MPH) Pat Scaturro to second
|
|
Batting: RHB Rudolph Lentz
|
0-0: Ball 1-0: Foul Ball, location: 2F 1-1: Ball 2-1: Foul Ball, location: 2F 2-2: SINGLE (Groundball, 56D, EV 102.5 MPH) Pat Scaturro to third
|
|
Batting: SHB Fernando Fundora
|
0-0: Ball 1-0: Ball 2-0: Grounds into double play, 3-6-1 (Groundball, 3, EV 90.6 MPH)
|
| Top of the 3rd over - 0 runs, 2 hits, 0 errors, 1 left on base; Hagerstown 2 - Fort Wayne 4 |
| BOTTOM OF THE 3RD |
|
Fort Wayne TinCaps batting - Pitching for Hagerstown Suns : RHP Nolan Carew
|
|
Batting: LHB Dean Luttman
|
0-0: Ball 1-0: Called Strike 1-1: Swinging Strike 1-2: Ball 2-2: Ball 3-2: Strikes out looking
|
|
Batting: RHB Steve Clark
|
0-0: Ground out U3 (Groundball, 3S, EV 61.2 MPH)
|
|
Batting: LHB Tony Contreras
|
0-0: Called Strike 0-1: Ball 1-1: Ball 2-1: Ball 3-1: Ground out 4-3 (Groundball, 4, EV 85.6 MPH)
|
| Bottom of the 3rd over - 0 runs, 0 hits, 0 errors, 0 left on base; Hagerstown 2 - Fort Wayne 4 |
| TOP OF THE 4TH |
|
Hagerstown Suns batting - Pitching for Fort Wayne TinCaps : RHP Mike Schoening
|
|
Batting: RHB Vasag Semerjian
|
0-0: Ball 1-0: Called Strike 1-1: Ball 2-1: Ball 3-1: Called Strike 3-2: Fly out, F9 (Flyball, 9S, EV 92.5 MPH)
|
|
Batting: RHB Yok-sing Szema
|
0-0: Ball 1-0: Ball 2-0: Called Strike 2-1: Ground out U3 (Groundball, 34, EV 83.1 MPH)
|
|
Batting: RHB Steve Kunselman
|
0-0: Ground out 5-3 (Groundball, 56, EV 106.9 MPH)
|
| Top of the 4th over - 0 runs, 0 hits, 0 errors, 0 left on base; Hagerstown 2 - Fort Wayne 4 |
| BOTTOM OF THE 4TH |
|
Fort Wayne TinCaps batting - Pitching for Hagerstown Suns : RHP Nolan Carew
|
|
Batting: RHB Sung-hwan Jung
|
0-0: Called Strike 0-1: Foul Ball, location: 2F 0-2: Ball 1-2: Ball 2-2: SINGLE (Groundball, 56D, EV 94.4 MPH)
|
|
Batting: RHB Paul Wood
|
0-0: Ball 1-0: Foul Ball, location: 2F 1-1: Swinging Strike 1-2: Foul Ball, location: 2F 1-2: Ball 2-2: Ball 3-2: Fly out, F9 (Flyball, 9D, EV 96.9 MPH)
|
|
Batting: RHB Cesar Ortega
|
0-0: Ball 1-0: Called Strike 1-1: Foul Ball, location: 2F 1-2: Fielders Choice at 2nd, 2-6 (Groundball, 2R, EV 70.6 MPH)
|
|
Pitching: RHP Josh Jenkins
|
|
|
Batting: RHB Devon Dill
|
0-0: Ball 1-0: Ball 2-0: Foul Ball, location: 2F 2-1: Foul Ball, location: 2F 2-2: Foul Ball, location: 2F 2-2: Ball 3-2: DOUBLE (Line Drive, 78D, EV 103.8 MPH) Cesar Ortega to third Cesar Ortega scores
|
|
Batting: RHB Jim Miske
|
0-0: Ball 1-0: Ball 2-0: Ball 3-0: Called Strike 3-1: Swinging Strike 3-2: 2-RUN HOME RUN (Flyball, 9LD, EV 95.6 MPH), Distance : 353 ft
|
|
Batting: RHB Gary Horgan
|
0-0: Ball 1-0: Ground out 1-3 (Groundball, 13S, EV 73.8 MPH)
|
| Bottom of the 4th over - 3 runs, 3 hits, 0 errors, 0 left on base; Hagerstown 2 - Fort Wayne 7 |
| TOP OF THE 5TH |
|
Hagerstown Suns batting - Pitching for Fort Wayne TinCaps : RHP Mike Schoening
|
|
Batting: RHB Taffounnout Kame
|
0-0: Ground out 4-3 (Groundball, 4, EV 86.2 MPH)
|
|
Batting: RHB Aaron Bateman
|
0-0: Ball 1-0: Ball 2-0: Foul Ball, location: 2F 2-1: Ground out 1-3 (Groundball, 15S, EV 65.6 MPH)
|
|
Batting: RHB Pat Scaturro
|
0-0: Swinging Strike 0-1: Swinging Strike 0-2: Strikes out swinging
|
| Top of the 5th over - 0 runs, 0 hits, 0 errors, 0 left on base; Hagerstown 2 - Fort Wayne 7 |
| BOTTOM OF THE 5TH |
|
Fort Wayne TinCaps batting - Pitching for Hagerstown Suns : RHP Josh Jenkins
|
|
Batting: LHB Dean Luttman
|
0-0: Foul Ball, location: 2F 0-1: Ground out U3 (Groundball, 34, EV 101.2 MPH)
|
|
Batting: RHB Steve Clark
|
0-0: Fly out, F6 (Line Drive, 6, EV 64.4 MPH)
|
|
Batting: LHB Tony Contreras
|
0-0: Ball 1-0: Ball 2-0: Called Strike 2-1: Called Strike 2-2: Fly out, F7 (Flyball, 78M, EV 85.0 MPH)
|
| Bottom of the 5th over - 0 runs, 0 hits, 0 errors, 0 left on base; Hagerstown 2 - Fort Wayne 7 |
| TOP OF THE 6TH |
|
Hagerstown Suns batting - Pitching for Fort Wayne TinCaps : RHP Mike Schoening
|
|
Batting: RHB Roger Simmons
|
0-0: Ball 1-0: Swinging Strike 1-1: Called Strike 1-2: Strikes out looking
|
|
Batting: RHB Rudolph Lentz
|
0-0: Foul Ball, location: 2F 0-1: Called Strike 0-2: Strikes out swinging
|
|
Batting: SHB Fernando Fundora
|
0-0: Ball 1-0: Swinging Strike 1-1: Called Strike 1-2: Ball 2-2: Ball 3-2: Strikes out swinging
|
| Top of the 6th over - 0 runs, 0 hits, 0 errors, 0 left on base; Hagerstown 2 - Fort Wayne 7 |
| BOTTOM OF THE 6TH |
|
Fort Wayne TinCaps batting - Pitching for Hagerstown Suns : RHP Josh Jenkins
|
|
Batting: RHB Sung-hwan Jung
|
0-0: Foul Ball, location: 2F 0-1: Ball 1-1: Foul Ball, location: 2F 1-2: Fly out, F7 (Line Drive, 7S, EV 95.0 MPH)
|
|
Batting: RHB Paul Wood
|
0-0: Ball 1-0: Ball 2-0: Called Strike 2-1: Ball 3-1: Foul Ball, location: 2F 3-2: Fly out, F9 (Line Drive, 9, EV 91.2 MPH)
|
|
Batting: RHB Cesar Ortega
|
0-0: Foul Ball, location: 2F 0-1: Ball 1-1: Foul Ball, location: 2F 1-2: Ball 2-2: Foul Ball, location: 2F 2-2: Strikes out swinging
|
| Bottom of the 6th over - 0 runs, 0 hits, 0 errors, 0 left on base; Hagerstown 2 - Fort Wayne 7 |
| TOP OF THE 7TH |
|
Hagerstown Suns batting - Pitching for Fort Wayne TinCaps : RHP Mike Schoening
|
|
Batting: RHB Vasag Semerjian
|
0-0: Foul Ball, location: 2F 0-1: Foul Ball, location: 2F 0-2: Strikes out looking
|
|
Batting: RHB Yok-sing Szema
|
0-0: Ball 1-0: Ball 2-0: Ball 3-0: Called Strike 3-1: Fly out, F7 (Flyball, 7S, EV 91.2 MPH)
|
|
Batting: RHB Steve Kunselman
|
0-0: Called Strike 0-1: Foul Ball, location: 2F 0-2: Ball 1-2: Strikes out swinging
|
| Top of the 7th over - 0 runs, 0 hits, 0 errors, 0 left on base; Hagerstown 2 - Fort Wayne 7 |
| BOTTOM OF THE 7TH |
|
Fort Wayne TinCaps batting - Pitching for Hagerstown Suns : RHP Josh Jenkins
|
|
Batting: RHB Devon Dill
|
0-0: Called Strike 0-1: Ball 1-1: Swinging Strike 1-2: Ball 2-2: Ball 3-2: Base on Balls
|
|
Pitching: RHP John Kovach
|
|
|
Batting: RHB Jim Miske
|
0-0: Called Strike Devon Dill is caught stealing 2nd base 2-4 0-1: Foul Ball, location: 2F 0-2: Fly out, F8 (Flyball, 89XD, EV 100.0 MPH)
|
|
Batting: RHB Gary Horgan
|
0-0: Called Strike 0-1: Fly out, F9 (Flyball, 9LM, EV 99.4 MPH)
|
| Bottom of the 7th over - 0 runs, 0 hits, 0 errors, 0 left on base; Hagerstown 2 - Fort Wayne 7 |
| TOP OF THE 8TH |
|
Hagerstown Suns batting - Pitching for Fort Wayne TinCaps : RHP Mike Schoening
|
|
Pitching: LHP Juan Ramirez
|
|
|
Batting: RHB Taffounnout Kame
|
0-0: Ball 1-0: Called Strike 1-1: Ground out 6-3 (Groundball, 6, EV 86.2 MPH)
|
|
Batting: RHB Aaron Bateman
|
0-0: Called Strike 0-1: Swinging Strike 0-2: Strikes out swinging
|
|
Batting: RHB Pat Scaturro
|
0-0: Swinging Strike 0-1: SINGLE (Groundball, 6M, EV 101.9 MPH)
|
|
Batting: RHB Roger Simmons
|
0-0: Ball 1-0: Foul Ball, location: 2F 1-1: Ball 2-1: Foul Ball, location: 2F 2-2: SINGLE (Groundball, 4MD, EV 99.4 MPH) Pat Scaturro to second Runner from 2nd tries for 3rd, SAFE, throw by CF made to third
|
|
Batting: RHB Rudolph Lentz
|
0-0: Called Strike 0-1: Foul Ball, location: 2F 0-2: Ball 1-2: Ball 2-2: Strikes out looking
|
| Top of the 8th over - 0 runs, 2 hits, 0 errors, 2 left on base; Hagerstown 2 - Fort Wayne 7 |
| BOTTOM OF THE 8TH |
|
Fort Wayne TinCaps batting - Pitching for Hagerstown Suns : RHP John Kovach
|
|
Batting: LHB Dean Luttman
|
0-0: Ball 1-0: Ground out 4-3 (Groundball, 4, EV 105.6 MPH)
|
|
Batting: RHB Steve Clark
|
0-0: Ball 1-0: Ball 2-0: Ball 3-0: Called Strike 3-1: Foul Ball, location: 2F 3-2: Base on Balls
|
|
Batting: LHB Tony Contreras
|
0-0: Ball 1-0: SINGLE (Groundball, 6D, EV 103.1 MPH) Steve Clark to second
|
|
Batting: RHB Sung-hwan Jung
|
0-0: Ball 1-0: Ball 2-0: Called Strike 2-1: Grounds into double play, 4-6-3 (Groundball, 4M, EV 86.2 MPH)
|
| Bottom of the 8th over - 0 runs, 1 hit, 0 errors, 1 left on base; Hagerstown 2 - Fort Wayne 7 |
| TOP OF THE 9TH |
|
Hagerstown Suns batting - Pitching for Fort Wayne TinCaps : LHP Juan Ramirez
|
|
Batting: SHB Fernando Fundora
|
0-0: Foul Ball, location: 2F 0-1: Ball 1-1: Ball 2-1: Foul Ball, location: 2F 2-2: Strikes out swinging
|
|
Batting: RHB Vasag Semerjian
|
0-0: Foul Ball, location: 2F 0-1: SINGLE (Line Drive, 8RS, EV 90.6 MPH)
|
|
Batting: RHB Yok-sing Szema
|
0-0: Called Strike 0-1: Ball 1-1: Swinging Strike 1-2: Ball 2-2: Ball 3-2: Strikes out swinging
|
|
Batting: RHB Steve Kunselman
|
0-0: Ball 1-0: Foul Ball, location: 2F 1-1: Ball 2-1: Foul Ball, location: 2F 2-2: Ball 3-2: Strikes out swinging
|
| Top of the 9th over - 0 runs, 1 hit, 0 errors, 1 left on base; Hagerstown 2 - Fort Wayne 7 |
|